 Dungeon Crawl Stone Soup version 0.29.1-1-gd02db6906a (webtiles) character file.

Game seed: 4325989170575334602

76 gelatine the Chopper (level 4, -7/32 (33) HPs)
             Began as a Demonspawn Gladiator on Sept 18, 2022.
             Mangled by Crazy Yiuf
             ... wielding a +3 quarterstaff of chaos
              (8 damage)
             ... on level 2 of the Dungeon.
             The game lasted 00:07:01 (2694 turns).

gelatine the Chopper (Demonspawn Gladiator)         Turns: 2694, Time: 00:07:02

HP:   -7/32 (33)    AC:  7    Str: 16    XL:     4   Next: 12%
MP:   4/4           EV: 13    Int: 15    God:
Gold: 57            SH:  0    Dex: 15    Spells: 2/3 levels left

rFire   . . .      SeeInvis +   a - +0 war axe
rCold   . . .      Faith    .   (no shield)
rNeg    . . .      Spirit   .   b - +0 leather armour
rPois   .          Reflect  .   g - +2 hat
rElec   .          Harm     .   (no cloak)
rCorr   .          Rampage  .   (no gloves)
Will    .....                   (no boots)
Stlth   +.........              (no amulet)
HPRegen 0.10/turn               c - ring of see invisible
MPRegen 0.09/turn               f - +6 ring of intelligence

@: lightly drained
A: antennae 1, slimy green scales 1
a: no special abilities


You were on level 2 of the Dungeon.
You visited 1 branch of the dungeon, and saw 3 of its levels.

You collected 57 gold pieces.

Inventory:

Hand Weapons
 a - a +0 war axe (weapon)
Missiles
 d - 2 throwing nets (quivered)
 e - a javelin
Armour
 b - a +0 leather armour (worn)
 g - a +2 hat (worn)
Jewellery
 c - a ring of see invisible (left hand)
 f - a +6 ring of intelligence (right hand)
Scrolls
 h - a scroll of teleportation
 i - a scroll of magic mapping {unknown}
 k - a scroll of immolation {unknown}
Potions
 j - a potion of lignification
 l - a potion of brilliance {unknown}
 m - a potion of resistance {unknown}


   Skills:
 + Level 2.3 Fighting
 + Level 3.6 Axes
 + Level 1.8 Throwing
 + Level 0.5 Armour
 + Level 3.4 Dodging
 + Level 0.1 Spellcasting
 + Level 0.1 Transmutations


You had 2 spell levels left.
You knew the following spells:

 Your Spells              Type           Power      Damage    Failure   Level
a - Beastly Appendage     Tmut           0%         N/A       32%         1

Your spell library contained the following spells:

 Spells                   Type           Power      Damage    Failure   Level
 Wereblood                Tmut           0%         N/A       43%         2
 Inner Flame              Hex/Fire       0%         N/A       69%         3
 Spider Form              Tmut/Pois      0%         N/A       69%         3
 Animate Dead             Necr           0%         N/A       97%         4
 Cause Fear               Hex            0%         N/A       97%         4
 Haunt                    Necr/Summ      0%         N/A       100%        7
 Discord                  Hex            0%         N/A       100%        8
 Infestation              Necr           0%         N/A       100%        8


Dungeon Overview and Level Annotations

Branches:
Dungeon (3/15)

Altars:

Shops:
D:1 =:

Annotations:
D:2 Crazy Yiuf


Innate Abilities, Weirdness & Mutations

You have a pair of small antennae on your head.
You are partially covered in slimy green scales. (AC +2)


Message History

Crazy Yiuf shouts!
You enter the shallow water.
Moving in this stuff is going to be slow.
You enter the shallow water.
Moving in this stuff is going to be slow.
A rat comes into view.
The rat bites you but does no damage.
You closely miss the rat. The rat bites you but does no damage.
You slash the rat!
You kill the rat!
You see here a rat corpse.
You enter the shallow water.
Moving in this stuff is going to be slow.
You open the door.
Crazy Yiuf screams, "Hack!
Snoogle fast head."
You hit Crazy Yiuf but do no damage. Crazy Yiuf closely misses you.
You barely miss Crazy Yiuf.
Crazy Yiuf hits you with a +3 quarterstaff of chaos!
Crazy Yiuf freezes you.
You slash Crazy Yiuf!
Crazy Yiuf is moderately wounded.
Crazy Yiuf hits you with a +3 quarterstaff of chaos.
Crazy Yiuf freezes you.
Crazy Yiuf hits you with a +3 quarterstaff of chaos!
* * * LOW HITPOINT WARNING * * *
You barely miss Crazy Yiuf.
Crazy Yiuf is moderately wounded.
Crazy Yiuf closely misses you.
You hit Crazy Yiuf but do no damage.
Crazy Yiuf is moderately wounded.
Crazy Yiuf closely misses you.
You closely miss Crazy Yiuf.
Crazy Yiuf is moderately wounded.
Crazy Yiuf hits you with a +3 quarterstaff of chaos.
* * * LOW HITPOINT WARNING * * *
You feel drained. Crazy Yiuf closely misses you.
You barely miss Crazy Yiuf.
Crazy Yiuf is moderately wounded.
Crazy Yiuf hits you with a +3 quarterstaff of chaos!
You die...

..#
#..####..############
#. ..# #### #....#
#.#....####' ###
♣....♣ #......##...
♣...♣♣ #.....†##...
♣♣.♣♣ #......##...
♣.♣♣ #......###..
♣♣.♣ #......###..
♣.♣♣ #........#..
♣♣@♣ #..###...... #g#
#..###+#.... ...
#..##....... #...#
#..##......> #..)#
#..##....... #####
#####..÷.... #.......
#....... #.......


You could see Crazy Yiuf.

Vanquished Creatures
  2 adders (D:2)
  A worm (D:2)
  2 dart slugs (D:2)
  5 ball pythons
  7 endoplasms (D:1)
  4 goblins
  5 hobgoblins
  5 jackals
  4 kobolds
  A quokka (D:3)
  2 bats
  6 frilled lizards
  6 rats
50 creatures vanquished.

Vanquished Creatures (others)
  19 plants (D:2)
19 creatures vanquished.

Grand Total: 69 creatures vanquished

Notes
Turn   | Place    | Note
-------+----------+-------------------------------------------
     0 | D:1      | gelatine the Demonspawn Gladiator began the quest for the
                  | Orb.
     0 | D:1      | Reached XP level 1. HP: 16/16 MP: 1/1
    13 | D:1      | Found Paipnarr's Jewellery Shop.
   191 | D:1      | Found Xaopost's Book Boutique.
   225 | D:1      | Gained mutation: You are partially covered in slimy green
                  | scales. (AC +2) [demonic ancestry]
   225 | D:1      | Reached XP level 2. HP: 11/22 MP: 2/2
   502 | D:1      | You fall into a shaft and drop 1 floor!
   917 | D:1      | Gained mutation: You have a pair of small antennae on your
                  | head. [demonic ancestry]
   917 | D:1      | Reached XP level 3. HP: 27/27 MP: 3/3
  1646 | D:2      | Learned a level 1 spell: Beastly Appendage
  2517 | D:2      | Reached XP level 4. HP: 32/33 MP: 4/4
  2601 | D:2      | Found a runed translucent door.
  2602 | D:2      | Noticed Crazy Yiuf
  2693 | D:2      | HP: 1/33 [Crazy Yiuf/+3 quarterstaff of chaos (5)]
  2694 | D:2      | Mangled by Crazy Yiuf

Illustrated notes

Levels and vault maps discovered:
D:1:      minmay_arrival_shattered_statue, layout_basic, serial_rivers,
          chequers_serial_rivers_room_b, chequers_serial_rivers_small_3,
          chequers_serial_rivers_small_3, chequers_serial_rivers_large_a,
          serial_shops, nicolae_shop_competitors_out_of_business, shop
D:2:      layout_basic, serial_bayou_lagoon_a, uniq_crazy_yiuf_cottage
D:3:      layout_basic

Skill      XL: |  1  2 |
---------------+-------+-----
Dodging        | 3 |  3.4
Axes           | 3 |  3.6
Fighting       | |  2.3
Throwing       | |  1.8
Armour         | |  0.5
Spellcasting   | |  0.1
Transmutations | |  0.1

Action                   |  1- 3 |  4- 6 || total
-------------------------+-------+-------++-------
Melee: War axe           |   145 |     9 ||   154
       Kick              |     1 |       ||     1
       Punch             |     1 |       ||     1
Throw: Throwing net      |     2 |       ||     2
 Cast: Beastly Appendage |     5 |       ||     5
  Use: Scroll            |     5 |       ||     5
       Potion            |     1 |       ||     1
Armor: Leather armour    |    69 |     2 ||    71
Dodge: Dodged            |   122 |     4 ||   126
